 Dungeon Crawl Stone Soup version 0.13.1-27-ga479965 (webtiles) character file.

6099 Chiseanne the Conjurer (level 10, 0/69 HPs)
             Began as a Minotaur Conjurer on Feb 8, 2014.
             Was a Believer of Vehumet.
             Slain by a spectral orc knight
             ... wielding a +0,+0 orcish great mace
             ... summoned by Nergalle
              (8 damage)
             ... on Level 9 of the Dungeon.
             The game lasted 00:58:40 (16108 turns).

Chiseanne the Conjurer (Minotaur Conjurer)         Turns: 16108, Time: 00:58:40

HP   0/69        AC  9     Str 13      XL: 10   Next: 45%
MP  11/22        EV 11     Int 15      God: Vehumet [**....]
Gold 508         SH  0     Dex 11      Spells:  4 memorised, 13 levels left

Res.Fire  : . . .   See Invis. : .   w - staff of wizardry
Res.Cold  : . . .   Warding    : .   r - +1 leather armour
Life Prot.: + . .   Conserve   : .   (no shield)
Res.Poison: .       Res.Corr.  : .   (helmet restricted)
Res.Elec. : .       Clarity    : .   f - +0 elf cloak (curse)
Sust.Abil.: . .     Spirit.Shd : .   g - +1 pair of gauntlets
Res.Mut.  : .       Stasis     : .   (no boots)
Res.Rott. : .       Flight     : .   (no amulet)
Saprovore : . . .                    t - ring of positive energy
                                     h - +2 ring of protection

@: drained, somewhat resistant to hostile enchantments, unstealthy
A: retaliatory headbutt, horns 2
a: Renounce Religion


You were on level 9 of the Dungeon.
You worshipped Vehumet.
Vehumet was pleased with you.
You were very hungry.

You visited 2 branches of the dungeon, and saw 11 of its levels.

You collected 488 gold pieces.

Inventory:

Hand weapons
 a - a +0,+3 dwarven dagger of speed (quivered)
 e - a cursed -3,-1 orcish whip
 l - the +6,+9 bow "Jipaoj Ijo" {speed, -Cast rElec rPois rC+}
   (You found it on level 6 of the Dungeon)

   Attacks with this weapon take half as long, but cause slightly less damage.
   It protects you from cold.
   It insulates you from electricity.
   It protects you from poison.
   It prevents spellcasting.
 s - a +0,+1 orcish trident of piercing
Missiles
 y - 51 poisoned needles
Armour
 f - a cursed +0 elven cloak (worn)
 g - a +1 pair of gauntlets (worn)
 r - a +1 leather armour (worn)
Magical devices
 q - a wand of random effects (10)
Comestibles
 b - 3 bread rations
 m - a pear
 n - a lychee
 B - a rotting chunk of worm flesh
Scrolls
 i - 2 scrolls of identify
 j - a scroll of magic mapping
 p - 2 scrolls of recharging
 v - a scroll of remove curse
 x - a scroll of fear
Jewellery
 d - an uncursed ring of ice
 h - a +2 ring of protection (left hand)
 o - an uncursed amulet of resist corrosion
 t - a ring of positive energy (right hand)
Potions
 A - a potion of might
Books
 c - a book of Conjurations

   Spells                             Type                      Level
   *Magic Dart                        Conjuration                  1
   Searing Ray                        Conjuration                  2
   Dazzling Spray                     Conjuration/Hexes            3
   *Iskenderun's Mystic Blast         Conjuration                  4
   *Iskenderun's Battlesphere         Conjuration/Charms           4
   Fulminant Prism                    Conjuration/Hexes            5
 k - a book of Party Tricks

   Spells                             Type                      Level
   Summon Butterflies                 Summoning                    1
   Apportation                        Translocation                1
   *Blink                             Translocation                2
   Alistair's Intoxication            Transmutation/Poison         4
   Tukima's Dance                     Hexes                        5
Magical staves
 w - an uncursed staff of wizardry (weapon)
Miscellaneous
 u - an ornate deck of changes {drawn: 1}


   Skills:
 - Level 2.1(1.5) Dodging
 - Level 1.5(0.9) Stealth
 * Level 7.9(7.2) Spellcasting
 * Level 9.1(8.4) Conjurations


You had 13 spell levels left.
You knew the following spells:

 Your Spells              Type           Power        Failure   Level  Hunger
a - Magic Dart            Conj           ####         1%          1    None
b - Iskenderun's Mystic   Conj           ####....     1%          4    ####...
c - Iskenderun's Battles  Conj/Chrm      ###.....     8%          4    ####...
d - Blink                 Tloc           N/A          7%          2    None


Dungeon Overview and Level Annotations

Branches:
Dungeon (10/27)            Temple (1/1) D:6             Orc (0/4) D:7
   Lair: D:8-13

Altars:
Ashenzari
Cheibriados
Elyvilon
Fedhas
Kikubaaqudgha
Makhleb
Nemelex Xobeh
Okawaru
Sif Muna
Trog
Vehumet
Xom
Yredelemnul
Zin
the Shining One

Annotations:
D:10 Nergalle


Innate Abilities, Weirdness & Mutations

You reflexively headbutt those who attack you in melee.
You have a pair of horns on your head.


Message History

Aim: a spectral orc knight, wielding an orcish great mace and wearing an orcish plate armour (lightly damaged, moving very quickly, summoned)
The orb of energy misses the spectral orc knight.
Your battlesphere fires!
The barrage of energy hits the spectral orc knight.
The spectral orc knight is moderately damaged.
Casting: Iskenderun's Mystic Blast
Confirm with . or Enter, or press ? or * to list all spells.
Aiming: Iskenderun's Mystic Blast
Press: ? - help, Shift-Dir - straight line, f/p - spectral orc knight
Aim: a spectral orc knight, wielding an orcish great mace and wearing an orcish plate armour (moderately damaged, moving very quickly, summoned)
The orb of energy hits the spectral orc knight.
The spectral orc knight is heavily damaged.
The orb of energy explodes!
You are feeling very hungry.
The spectral orc knight barely misses you.
Your battlesphere fires!
The barrage of energy hits the spectral orc knight.
The spectral orc knight is heavily damaged.
The spectral orc knight hits you with an orcish great mace!
You die...

#..# #.^................ #..#
#.................#
######..#######..#######........#
..<..............# #........#
....<............# #........#
######..#######..# #.........
#..# #..#######..####... #..#
#.W..*......# #..#
#..#######.@.........# #..#
#....................# #..#
#....................####..#
######..#######..................
........# #..................
....<...# #...........####..#
######..# #..........?# #..#
#..#######...........# #..#
#....................# #..#


You could see a spectral orc knight.

Vanquished Creatures
  Pikel (D:5)
  A troll (D:8)
  A shadow (D:6)
  A wyvern (D:10)
  3 hippogriffs
  3 sky beasts
  3 orc warriors (D:8)
  4 phantoms
  2 black bears
  2 ice beasts
  A slave (D:5)
  5 centaurs
  3 ogres (D:4)
  Duvessa (D:6)
  A warg (D:7)
  6 giant frogs
  A manticore zombie (D:8)
  A water moccasin (D:9)
  An electric eel (D:10)
  An eye of draining (D:8)
  2 jellies
  A jellyfish (D:10)
  Dowan (D:6)
  2 crimson imps
  4 orc priests
  4 hounds
  2 centaur skeletons (D:8)
  6 scorpions
  A giant frog skeleton (D:8)
  7 orc wizards
  7 worker ants
  An iguana (D:6)
  A mummy (D:8)
  A crocodile skeleton (D:8)
  10 adders
  13 gnolls
  4 worms
  A giant eyeball (D:6)
  9 giant geckos
  An ooze (D:2)
  27 orcs
  2 ball pythons
  13 bats
  A bat skeleton (D:4)
  5 giant cockroaches
  18 hobgoblins
  10 jackals
  5 quokkas
  3 giant newts
  A giant newt skeleton (D:4)
  A giant spore (D:7)
  10 goblins
  A hobgoblin skeleton (D:6)
  A hobgoblin zombie (D:6)
  15 kobolds
  13 rats
  A rat zombie (D:7)
247 creatures vanquished.

Vanquished Creatures (others)
  A centaur (D:7)
  A hobgoblin (D:7)
  A giant spore (D:7)
  A plant (D:10)
4 creatures vanquished.

Grand Total: 251 creatures vanquished

Notes
Turn   | Place    | Note
--------------------------------------------------------------
     0 | D:1      | Chiseanne, the Minotaur Conjurer, began the quest for the Orb.
     0 | D:1      | Reached XP level 1. HP: 14/14 MP: 3/3
    11 | D:1      | Reached skill level 3 in Conjurations
   119 | D:1      | Reached XP level 2. HP: 18/20 MP: 1/3
   934 | D:1      | Reached XP level 3. HP: 23/26 MP: 1/4
  1459 | D:2      | Reached skill level 4 in Conjurations
  1628 | D:2      | Reached XP level 4. HP: 33/33 MP: 0/5
  1684 | D:2      | Learned a level 4 spell: Iskenderun's Mystic Blast
  3044 | D:3      | Reached XP level 5. HP: 26/38 MP: 0/6
  4458 | D:4      | Noticed an ogre
  4460 | D:4      | Paralysed by a potion of paralysis for 7 turns
  4506 | D:4      | Killed an ogre
  4511 | D:4      | Noticed an ogre
  4621 | D:4      | Noticed an ogre
  4635 | D:4      | Killed an ogre
  4635 | D:4      | Reached XP level 6. HP: 7/45 MP: 2/9
  4912 | D:4      | Noticed a phantom
  4932 | D:4      | Reached skill level 5 in Conjurations
  4966 | D:4      | Killed a phantom
  5459 | D:4      | Reached XP level 7. HP: 50/50 MP: 3/10
  6088 | D:4      | Killed an ogre
  6638 | D:5      | Entered Level 5 of the Dungeon
  7502 | D:5      | Found a deep blue altar of Sif Muna.
  7607 | D:5      | Reached skill level 6 in Conjurations
  7702 | D:5      | Learned a level 4 spell: Iskenderun's Battlesphere
  7931 | D:5      | Noticed Pikel
  7963 | D:5      | Killed Pikel
  7963 | D:5      | Reached skill level 5 in Spellcasting
  7963 | D:5      | Reached XP level 8. HP: 49/57 MP: 12/15
  8379 | D:6      | Noticed Duvessa
  8381 | D:6      | Noticed Dowan
  8427 | D:6      | Killed Duvessa
  8443 | D:6      | Killed Dowan
  8834 | D:6      | Found a staircase to the Ecumenical Temple.
  8842 | Temple   | Entered the Ecumenical Temple
  9010 | Temple   | Became a worshipper of Vehumet
  9164 | D:6      | Reached skill level 7 in Conjurations
  9182 | D:6      | Noticed a hill giant
  9784 | D:6      | Reached XP level 9. HP: 36/62 MP: 1/18
  9816 | D:6      | Got a slimy bow
  9968 | D:6      | Identified the +6,+9 bow "Jipaoj Ijo" {speed, -Cast rElec rPois rC+} (You found it on level 6 of the Dungeon)
 10103 | D:6      | Found an iron altar of Okawaru.
 10104 | D:6      | Found a glowing golden altar of the Shining One.
 10816 | D:7      | Found a staircase to the Orcish Mines.
 11436 | D:8      | Acquired Vehumet's first power
 11436 | D:8      | Offered knowledge of Freeze by Vehumet.
 11646 | D:8      | Reached skill level 8 in Conjurations
 12997 | D:8      | Learned a level 2 spell: Blink
 13029 | D:8      | Offered knowledge of Flame Tongue by Vehumet.
 13029 | D:8      | Reached XP level 10. HP: 69/69 MP: 2/21
 15099 | D:10     | Entered Level 10 of the Dungeon
 15211 | D:10     | Reached skill level 9 in Conjurations
 15495 | D:10     | Offered knowledge of Stone Arrow by Vehumet.
 16069 | D:10     | Noticed Nergalle
 16071 | D:10     | Noticed a hill giant
 16108 | D:9      | Slain by a spectral orc knight

Action                   |  1- 3 |  4- 6 |  7- 9 | 10-12 || total
-------------------------+-------+-------+-------+-------++-------
Melee: Unarmed           |     4 |       |       |       ||     4
       Flail             |    17 |       |       |       ||    17
       Dagger            |     1 |    84 |   409 |    49 ||   543
       Staff             |       |       |       |     3 ||     3
 Cast: Magic Dart        |    56 |   146 |   265 |   125 ||   592
       Iskenderun's Myst |       |       |    20 |     5 ||    25
       Iskenderun's Batt |       |       |    17 |    35 ||    52
Evoke: Deck              |       |       |       |     1 ||     1
  Use: Potion            |       |     4 |    17 |     1 ||    22
       Scroll            |       |     3 |    15 |     4 ||    22
